 Dungeon Crawl Stone Soup version 0.17-a0-2014-g32cd421 (webtiles) character file.

606 graki42 the Cudgeler (level 7, 0/75 HPs)
             Began as an Ogre Berserker on Oct 9, 2015.
             Was an Elder of Trog.
             Slain by an ice beast (2 damage)
             ... on level 5 of the Dungeon.
             The game lasted 00:14:29 (5609 turns).

graki42 the Cudgeler (Ogre Berserker)               Turns: 5609, Time: 00:14:29

Health: 0/75       AC:  4    Str: 25    XL:     7   Next: 42%
Magic:  7/7        EV: 11    Int:  6    God:    Trog [****..]
Gold:   235        SH:  0    Dex:  9    Spells: 0 memorised, 6 levels left

rFire  . . .     SeeInvis .     n - +0 giant club
rCold  . . .     Clarity  .     b - +0 animal skin
rNeg   . . .     SustAt   .     (no shield)
rPois  .         Gourm    .     (helmet restricted)
rElec  .         Spirit   .     v - +0 cloak
rCorr  .         Warding  .     (gloves unavailable)
rMut   .         Stasis   .     (boots unavailable)
MR     .....                    (no amulet)
Stlth  ++........               (no ring)
                                s - ring of stealth

@: not resistant to hostile enchantments, unstealthy
A: unfitting armour, tough skin 1
a: Burn Spellbooks, Berserk, Trog's Hand, Brothers in Arms, Renounce Religion


You were on level 5 of the Dungeon.
You worshipped Trog.
Trog was greatly pleased with you.
You were not hungry.

You visited 1 branch of the dungeon, and saw 5 of its levels.

You collected 235 gold pieces.

Inventory:

Hand Weapons
 n - a +0 giant club (weapon)
 A - a +0 flail
Missiles
 t - a throwing net (quivered)
Armour
 b - a +0 animal skin (worn)
 r - a +0 large shield
 v - a +0 cloak (worn)
Jewellery
 m - an uncursed ring of ice
 s - a ring of stealth (left hand)
 y - a +3 ring of intelligence
 z - an uncursed ring of fire
Wands
 x - a wand of confusion (24)
 B - a wand of lightning (0)
Scrolls
 e - a scroll of fear {unknown}
 g - a scroll of random uselessness {unknown}
 h - 2 scrolls of identify {unknown}
 j - a scroll of amnesia {unknown}
 k - a scroll of teleportation {unknown}
 l - a scroll of blinking {unknown}
 o - a scroll of recharging {unknown}
 u - a scroll of noise {unknown}
 w - 3 scrolls of remove curse {unknown}
Potions
 d - a potion of heal wounds {unknown}
 f - 3 potions of mutation {unknown}
 i - 5 potions of curing {unknown}
 p - a potion of flight {unknown}
 q - a potion of magic {unknown}
Comestibles
 a - a beef jerky
 c - 3 bread rations
 C - a chunk of flesh


   Skills:
 + Level 6.0 Fighting
 + Level 6.1 Maces & Flails
 + Level 5.2 Dodging
 + Level 2.7 Shields


You had 6 spell levels left.
You didn't know any spells.

Dungeon Overview and Level Annotations

Branches:
Dungeon (5/15)             Temple (0/1) D:5

Altars:
Ashenzari
Cheibriados
Dithmenos
Okawaru
Vehumet
Yredelemnul
The Shining One


Innate Abilities, Weirdness & Mutations

You are too large for most types of armour.
You have tough skin (AC +1).


Message History

Okay, then.
Evoke which item? (* to show all) (? for menu, Esc to quit)
Zapping:
B - a wand of lightning (will waste charges)
Press: ? - help, Shift-Dir - straight line, f - ice beast
Aim: an ice beast (severely wounded)
You hear a mighty clap of thunder!
The bolt of lightning hits the ice beast.
The ice beast is almost dead.
Evoking this partially-identified wand wasted a few charges.
The ice beast hits you but does no damage.
Evoke which item? (* to show all) (? for menu, Esc to quit)
Zapping:
B - a wand of lightning {zapped: 3} (will waste charges)
Press: ? - help, Shift-Dir - straight line, f/p - ice beast
Aim: an ice beast (almost dead)
You hear a mighty clap of thunder!
The bolt of lightning hits the ice beast.
The ice beast is almost dead.
Evoking this partially-identified wand wasted a few charges.
The ice beast hits you.
You die...

#.##...#'#....
#.#...........
.'.....).....
##.....))....
##+########'####.....
+..............'....)
+##+###+###'##.######.)...
....>........#.#######....
........Y@...+.....'.'(..(
≈..≈###......#########..).
#≈≈#...#.#.....# #.(... #
#.⌠.#.+.....+ +.....
#...#.#.....####+#.....
≈≈###..##+##............
≈≈≈ ..+ +..........<. ≈≈
.... #..<......... #..
##+##+###'###


You could see an ice beast.

Vanquished Creatures
  An ogre (D:4)
  A hound (D:4)
  A jelly (D:5)
  A giant frog skeleton (D:4)
  2 orc wizards
  2 worker ants (D:4)
  An iguana (D:4)
  A hound skeleton (D:4)
  7 gnolls
  9 adders
  An ooze (D:2)
  An adder skeleton (D:5)
  4 worms
  2 giant geckos
  17 orcs
  5 ball pythons
  10 bats
  12 hobgoblins
  3 jackals (D:1)
  14 kobolds
  2 quokkas
  2 giant cockroaches
  9 giant newts
  7 goblins
  10 rats
125 creatures vanquished.

Notes
Turn   | Place    | Note
--------------------------------------------------------------
     0 | D:1      | graki42 the Ogre Berserker began the quest for the Orb.
     0 | D:1      | Reached XP level 1. HP: 24/24 MP: 1/1
    57 | D:1      | Reached XP level 2. HP: 5/32 MP: 2/2
   517 | D:1      | Acquired Trog's second power
   519 | D:1      | Reached XP level 3. HP: 25/40 MP: 3/3
  1567 | D:2      | Reached XP level 4. HP: 40/49 MP: 4/4
  1666 | D:2      | Reached skill level 5 in Maces & Flails
  2275 | D:3      | Reached skill level 5 in Fighting
  2724 | D:3      | Found a snail-covered altar of Cheibriados.
  3100 | D:3      | Found a shattered altar of Ashenzari.
  3101 | D:3      | Found a radiant altar of Vehumet.
  3122 | D:3      | Reached XP level 5. HP: 57/57 MP: 5/5
  3158 | D:3      | Reached skill level 1 in Shields
  3617 | D:3      | Found an iron altar of Okawaru.
  3911 | D:4      | Reached XP level 6. HP: 53/66 MP: 6/6
  4385 | D:4      | Noticed an ogre
  4393 | D:4      | Killed an ogre
  4556 | D:4      | Found a shadowy altar of Dithmenos.
  4588 | D:4      | Acquired Trog's third power
  4588 | D:4      | Reached XP level 7. HP: 67/74 MP: 7/7
  4652 | D:4      | Found a glowing golden altar of the Shining One.
  4657 | D:4      | Found a basalt altar of Yredelemnul.
  4659 | D:4      | Noticed a profane servitor
  4804 | D:4      | Reached skill level 5 in Dodging
  4877 | D:4      | Noticed an angel
  4896 | D:5      | Entered Level 5 of the Dungeon
  5205 | D:5      | Reached skill level 6 in Fighting
  5491 | D:5      | Found a staircase to the Ecumenical Temple.
  5607 | D:5      | HP: 1/75 [ice beast (13)]
  5609 | D:5      | Slain by an ice beast

Vault maps used:
D:1:      minmay_arrival_three_doors
D:3:      minmay_door_path, okawaru_trees_2, overflow_temple_1_default,
          gammafunk_temple_overflow_statue, first_bread
D:4:      grunt_temple_overflow_holy_war, lemuel_doored_altar,
          serial_bayou_crossing
D:5:      minmay_temple_entry_glassed_door, fountainhead

Action                   |  1- 3 |  4- 6 |  7- 9 || total
-------------------------+-------+-------+-------++-------
Melee: Mace              |   130 |   221 |       ||   351
       Giant club        |       |     9 |    70 ||    79
Invok: Berserk           |     1 |     1 |     1 ||     3
       Trog's Hand       |       |     1 |       ||     1
Evoke: Wand              |       |       |     2 ||     2
 Stab: Sleeping          |       |       |     1 ||     1
  Eat: Chunk             |     2 |     9 |     4 ||    15
       Beef jerky        |       |     1 |       ||     1
       Royal jelly       |       |     1 |       ||     1
